 Dungeon Crawl Stone Soup version 0.31-a0-848-gaac375c287 (webtiles) character file.

Game seed: 9776209699283160995

91 Schnaeble the Trooper (level 4, 0/37 HPs)
             Began as a Demonspawn Fighter on Oct 4, 2023.
             Killed from afar by Natasha (1 damage)
             ... with a magic dart
             ... on level 3 of the Dungeon.
             The game lasted 00:06:15 (1977 turns).

Schnaeble the Trooper (Demonspawn Fighter)          Turns: 1977, Time: 00:06:17

Health: 0/37       AC:  9    Str: 16    XL:     4   Next: 34%
Magic:  0/4        EV:  8    Int:  9    God:
Gold:   71         SH:  5    Dex: 19    Spells: 3/3 levels left

rFire   . . .        s - +0 whip (chaos)
rCold   x . .        c - +0 buckler
rNeg    . . .        m - +0 scale mail of Ovomitem {rC- Dex+4}
rPois   .            (helmet restricted)
rElec   .            (no cloak)
rCorr   .            (no gloves)
SInv    .            a - +2 pair of boots {rampage}
Will    .....        o - amulet of guardian spirit Stlth
                     (no ring)
HPRegen 0.26/turn    (no ring)
MPRegen 0.09/turn

%: guardian spirit, rampage
@: brilliant, hasted and slowed
A: antennae 1, claws 2
a: no special abilities


You were on level 3 of the Dungeon.
You visited 1 branch of the dungeon, and saw 3 of its levels.

You collected 71 gold pieces.

Inventory:

Hand Weapons
 s - a +0 whip of chaos (weapon)
Armour
 a - a +2 pair of boots of rampaging (worn)
 c - a +0 buckler (worn)
 m - the +0 scale mail of Ovomitem (worn) {rC- Dex+4}
   (You found it on level 2 of the Dungeon)

   Dex+4:     It affects your dexterity (+4).
   rC-:       It makes you vulnerable to cold.
 u - a +0 pair of boots
Jewellery
 o - an amulet of guardian spirit (around neck)
Scrolls
 d - a scroll of enchant weapon {unknown}
 f - 2 scrolls of amnesia {unknown}
 h - 2 scrolls of revelation {unknown}
 i - a scroll of blinking {unknown}
 j - a scroll of teleportation {unknown}
 n - a scroll of poison {unknown}
 q - a scroll of fog {unknown}
 r - a scroll of identify {unknown}
 t - a scroll of fear {unknown}
 v - a scroll of enchant armour {unknown}
Potions
 b - a potion of magic {unknown}
 e - a potion of curing {unknown}
 p - a potion of attraction {unknown}


   Skills:
 + Level 4.0 Fighting
 + Level 3.4 Maces & Flails
 - Level 2.6 Armour
 + Level 0.2 Stealth
 - Level 2.6 Shields


You had 3 spell levels left.
You didn't know any spells.
Your spell library was empty.

Dungeon Overview and Level Annotations

Branches:
Dungeon (3/15)

Altars:

Shops:
D:2 *

Annotations:
D:3 Natasha


Innate Abilities, Weirdness & Mutations

You have a pair of small antennae on your head.
You have very sharp fingernails.


Message History

You closely miss Natasha.
Natasha is lightly wounded.
Natasha claws you.
You closely miss Natasha.
Natasha is lightly wounded.
Natasha claws you. x2
You hit Natasha.
Natasha is moderately wounded.
The cerulean imp disappears in a puff of smoke!
Natasha claws you but does no damage.
You barely miss Natasha.
Natasha is moderately wounded.
Natasha claws you.
Natasha casts a spell.
You hit Natasha but do no damage.
Natasha is moderately wounded.
Natasha claws you. The cerulean imp barely misses you.
You are too injured to fight recklessly!
You are too injured to fight recklessly!
You are too injured to fight recklessly!
Natasha attacks as she pursues you! Natasha claws you but does no damage.
The cerulean imp barely misses you. Natasha claws you.
You block the cerulean imp's attack.
The cerulean imp disappears in a puff of smoke!
The cerulean imp hits you but does no damage.
Natasha claws you but does no damage.
The cerulean imp hits you from afar with a +1 spear.
* * * LOW HITPOINT WARNING * * *
Natasha attacks as she pursues you! Natasha barely misses you.
The cerulean imp hits you from afar with a +1 spear.
* * * LOW HITPOINT WARNING * * *
It was a potion of haste.
You feel yourself speed up. Natasha casts a spell at you.
The magic dart hits you.
* * * LOW HITPOINT WARNING * * *
The cerulean imp hits you but does no damage.
Natasha stares at you and mumbles some strange words.
The magic dart hits you.
You die...
Natasha curls up and begins to purr.

# #.# .B ..## ## #.#.
!#.#.. ##.#.. ....5#
##### ##5#.# #... .....#
###.# ###########
##.#†###...###Sh@.......
##.........§.B5#########
#.......########
#.###.......# ..
#.#####.## # #..#
#..######## #.##
###.†..<...### ..
#........#...## ..#
#........###..##########


You could see Natasha, a cerulean imp (summoned), an adder and a giant
cockroach.

Vanquished Creatures
  Robin (D:2)
  An adder (D:2)
  2 worms (D:2)
  2 dart slugs (D:2)
  2 orcs (D:3)
  4 ball pythons
  4 endoplasms
  7 giant cockroaches
  9 goblins
  5 hobgoblins (D:2)
  5 kobolds
  2 quokkas
  4 bats
  A frilled lizard (D:2)
  4 rats
53 creatures vanquished.

Notes
Turn   | Place    | Note
-------+----------+-------------------------------------------
     0 | D:1      | Schnaeble the Demonspawn Fighter began the quest for the
                  | Orb.
     0 | D:1      | Reached XP level 1. HP: 18/18 MP: 1/1
   290 | D:1      | Discovered your monstrous ancestry.
   290 | D:1      | Gained mutation: You have sharp fingernails. [demonic
                  | ancestry]
   290 | D:1      | Reached XP level 2. HP: 17/24 MP: 2/2
   466 | D:1      | Found a faded altar of an unknown god.
   906 | D:2      | Identified the +0 scale mail of Ovomitem {rC- Dex+4}
  1001 | D:2      | Gained mutation: You have a pair of small antennae on your
                  | head. [demonic ancestry]
  1001 | D:2      | Reached XP level 3. HP: 30/30 MP: 3/3
  1391 | D:2      | Found Lurch's Assorted Antiques.
  1485 | D:2      | Noticed Robin
  1530 | D:2      | Killed Robin
  1531 | D:2      | Gained mutation: You have very sharp fingernails. [demonic
                  | ancestry]
  1531 | D:2      | Reached XP level 4. HP: 28/37 MP: 4/4
  1786 | D:3      | Reached skill level 4 in Fighting
  1933 | D:3      | Noticed Natasha
  1977 | D:3      | HP: 1/37 [Natasha/magic dart (5)]
  1977 | D:3      | Killed from afar by Natasha

Illustrated notes

Levels and vault maps discovered:
D:1:      mrwooster_arrival_statue, layout_basic,
          hellmonk_ecumenical_altar_defaced_shrine, chequers_arboretum,
          hangedman_decor_clover_reticule
D:2:      layout_basic, serial_shops, nicolae_diamond_shop, uniq_robin
D:3:      layout_rooms, minmay_surrounded, uniq_natasha

Skill      XL: |  1  2  3  4 |
---------------+-------------+-----
Maces & Flails | 2 3 |  3.4
Fighting       | 4 |  4.0
Armour         | |  2.6
Stealth        | |  0.2
Shields        | |  2.6

Action                     |  1- 3 |  4- 6 || total
---------------------------+-------+-------++-------
  Melee: Flail             |    79 |       ||    79
         Whip              |    68 |    81 ||   149
    Use: Potion            |     1 |     2 ||     3
         Scroll            |       |     1 ||     1
 Armour: Scale mail        |    96 |    74 ||   170
  Dodge: Dodged            |    41 |    22 ||    63
  Block: Buckler           |    26 |    18 ||    44

Table legend: (Time is in decaauts)
 A = Elapsed time spent in this place.
 B = Non-inter-level travel time spent in this place.
 C = Inter-level travel time spent in this place.
 D = Time resting spent in this place.
 E = Time spent auto-exploring this place.
 F = Levels seen in this place.
 G = Mean time per level.
                   A        B        C        D        E       F      G
               +--------+--------+--------+--------+--------+-----+--------+
         Total |   2004 |   1936 |     68 |      0 |   1439 |   3 |  668.0 |
       Dungeon |   2004 |   1936 |     68 |      0 |   1439 |   3 |  668.0 |
               +--------+--------+--------+--------+--------+-----+--------+

Top non-repeatable levels by time:
     D:2: 1018 daAuts
     D:1: 738 daAuts
     D:3: 247 daAuts
